 Dungeon Crawl Stone Soup version 0.24.0-1-gfbc8707122 (webtiles) character file.

Game seed: 14593607541547049859, levelgen mode: deterministic

81 floatboth the Ruffian (level 4, -9/66 HPs)
             Began as a Troll Berserker on Oct 27, 2019.
             Was a Believer of Trog.
             Mangled by Crazy Yiuf
             ... wielding a +4 quarterstaff of chaos
              (15 damage)
             ... on level 2 of the Dungeon.
             The game lasted 00:02:19 (1155 turns).

floatboth the Ruffian (Troll Berserker)             Turns: 1155, Time: 00:02:20

Health: -9/66      AC:  6    Str: 30    XL:     4   Next: 19%
Magic:  3/3        EV: 10    Int:  4    God:    Trog [**....]
Gold:   55         SH:  0    Dex:  9    Spells: 3/3 levels left

rFire    . . .     SeeInvis .     - Unarmed
rCold    . . .     Gourm    +   (no shield)
rNeg     . . .     Faith    .   a - +0 animal skin
rPois    .         Spirit   .   (helmet restricted)
rElec    .         Reflect  .   (no cloak)
rCorr    .         Harm     .   (gloves unavailable)
MR       ++...                  (boots unavailable)
Stlth    ..........             (no amulet)
HPRegen  1.61/turn              (no ring)
MPRegen  0.08/turn              (no ring)

@: berserking, regenerating, slowed
A: large, unfitting armour, claws 3, fast metabolism 3, gourmand, regeneration
1, shaggy fur 1, tough skin 3
a: Berserk, Trog's Hand, Renounce Religion


You were on level 2 of the Dungeon.
You worshipped Trog.
Trog was pleased with you.
You were full.

You visited 1 branch of the dungeon, and saw 2 of its levels.

You collected 55 gold pieces.

Inventory:

Hand Weapons
 o - a +1 dagger of venom
Armour
 a - a +0 animal skin (worn)
Jewellery
 h - an uncursed amulet of rage {unknown}
 p - a cursed ring of attention {unknown}
 s - an uncursed ring of positive energy {unknown}
Scrolls
 c - 2 scrolls of fog {unknown}
 d - a scroll of enchant weapon {unknown}
 e - 2 scrolls of remove curse {unknown}
 i - a scroll of identify {unknown}
 j - a scroll of enchant armour {unknown}
 k - 3 scrolls of teleportation {unknown}
 m - a scroll of noise {unknown}
 r - a scroll of magic mapping {unknown}
Potions
 f - a potion of mutation {unknown}
 g - a potion of cancellation {unknown}
 l - a potion of ambrosia {unknown}
 n - a potion of curing {unknown}
Comestibles
 b - 6 rations


   Skills:
 - Level 2.4 Fighting
 - Level 2.4 Dodging
 + Level 5.1 Unarmed Combat


You had 3 spell levels left.
You didn't know any spells.
Your spell library was empty.

Dungeon Overview and Level Annotations

Branches:
Dungeon (2/15)

Altars:

Annotations:
D:2 Crazy Yiuf


Innate Abilities, Weirdness & Mutations

You are too large for most types of armour.
You have claws for hands.
Your metabolism is lightning-fast.
You like to eat raw meat.
Your natural rate of healing is unusually fast.
You are covered in fur. (AC +1)
You have extremely tough skin. (AC +3)


Message History

* * * LOW HITPOINT WARNING * * *
Your skin crawls.
You feel resistant to hostile enchantments.
You feel somewhat less full. Crazy Yiuf barely misses you.
Crazy Yiuf hits you with a +4 quarterstaff of chaos.
* * * LOW HITPOINT WARNING * * *
Crazy Yiuf freezes you.
* * * LOW HITPOINT WARNING * * *
Crazy Yiuf says, "Snurf!"
Crazy Yiuf hits you with a +4 quarterstaff of chaos.
* * * LOW HITPOINT WARNING * * *
A red film seems to cover your vision as you go berserk!
You feel yourself moving faster!
You feel mighty!
You feel quite a bit less full.
Crazy Yiuf hits you with a +4 quarterstaff of chaos!
* * * LOW HITPOINT WARNING * * *
You barely miss Crazy Yiuf.
Crazy Yiuf is almost dead.
Crazy Yiuf hits you with a +4 quarterstaff of chaos!
You die...

###### ###
##....## ###..)#
###
#......####.'...#
##.#
#.......#..##...#
#..# #....@g#.###
### ####..#
##.#######
###.....# #..#
#.......# #.##
#.#..####
##.#########
....##
#..##......#
..###
##.##.......#
#.##
#####...........#
#..#
#......######.###


You could see Crazy Yiuf.

Vanquished Creatures
  3 adders (D:2)
  An ooze (D:1)
  3 worms (D:2)
  2 dart slugs (D:1)
  A leopard gecko (D:1)
  2 giant cockroaches (D:2)
  7 hobgoblins
  A ball python (D:1)
  4 bats
  2 frilled lizards
  3 goblins
  4 kobolds
  6 rats
39 creatures vanquished.

Notes
Turn   | Place    | Note
-------+----------+-------------------------------------------
     0 | D:1      | floatboth the Troll Berserker began the quest for the Orb.
     0 | D:1      | Reached XP level 1. HP: 22/22 MP: 0/0
   118 | D:1      | Reached XP level 2. HP: 26/29 MP: 1/1
   245 | D:1      | Reached skill level 4 in Unarmed Combat
   659 | D:1      | Reached XP level 3. HP: 33/36 MP: 2/2
   727 | D:2      | Reached ** piety under Trog
   886 | D:2      | Found a runed translucent door.
   887 | D:2      | Noticed Crazy Yiuf
   924 | D:2      | Reached skill level 5 in Unarmed Combat
   924 | D:2      | Reached XP level 4. HP: 38/44 MP: 3/3
  1146 | D:2      | HP: 5/44 [Crazy Yiuf/+4 quarterstaff of chaos (10)]
  1151 | D:2      | HP: 8/44 [Crazy Yiuf/+4 quarterstaff of chaos (4)]
  1155 | D:2      | Mangled by Crazy Yiuf

Levels and vault maps discovered:
D:1:      minmay_arrival_diagonal_passages, layout_basic
D:2:      kennysheep_six_static_rooms, layout_rooms, grunt_ministairs_9,
          uniq_crazy_yiuf_cottage

Skill      XL: |  1  2  3 |
---------------+----------+-----
Unarmed Combat | 4 5 |  5.1
Fighting       | |  2.4
Dodging        | |  2.4

Action                   |  1- 3 |  4- 6 || total
-------------------------+-------+-------++-------
Melee: Unarmed           |    94 |    18 ||   112
       Punch             |     2 |       ||     2
Invok: Berserk           |       |     1 ||     1
       Trog's Hand       |       |     1 ||     1
 Stab: Sleeping          |     1 |       ||     1
  Eat: Chunk             |    14 |       ||    14
Armor: Animal skin       |    25 |    10 ||    35
Dodge: Dodged            |    40 |     4 ||    44
